AoeStats
← [CL] Al3jandr0.magn00

Arabia

506179117Analyzed
1v1 RM · 19d ago on Sep 12, 2026· 31m 49s· 2 players
Game mode
Random Map
Map size
Tiny (2 player)
Population
200
Speed
Normal
Resources
Standard
Victory
Conquest
Starting age
Dark Age
Ending age
Imperial Age
RankedLock teamsTeams togetherTeam positionsShared explorationLock speedFull tech treeHidden civsTurbo modeCheats
Victory
Defeat
🇦🇷 Hindustanis · Argentina
1819
+10
🇦🇷 Mongols · Argentina
1679
-10
DS_Rene Lavand
6:16 Loom
9:08 Feudal Age
9:16 Man-at-Arms
14:24 Fletching
18:10 Padded Archer Armor
24:40 Castle Age
23:36 Forging
23:43 Double-Bit Axe
29:43 Gold Mining
32:50 Iron Casting
[CL] Al3jandr0.magn00
5:55 Loom
8:28 Feudal Age
8:59 Double-Bit Axe
14:41 Fletching
19:52 Padded Archer Armor
19:43 Horse Collar
21:08 Town Watch
24:28 Castle Age
22:57 Gold Mining
24:01 Forging
24:11 Bloodlines
26:18 Husbandry
28:58 Bow Saw
29:21 Devotion
31:41 Scale Barding Armor
33:03 Wheelbarrow
Connection lost

Rejoining the realm…

Still unreachable

The connection could not be restored.

Session expired

The server has moved on; the page needs a fresh start.